 Dungeon Crawl Stone Soup version 0.27-a0-1555-g0e7b3fb (webtiles) character file.

Game seed: 2669682199323528111

56 Meow the Digger (level 3, 26/26 HPs)
             Began as a Ghoul Earth Elementalist on July 14, 2021.
             Quit the game on level 3 of the Dungeon.
             The game lasted 00:05:08 (2219 turns).

Meow the Digger (Ghoul Earth Elementalist)          Turns: 2219, Time: 00:05:08

Health: 26/26      AC:  2    Str: 11    XL:     3   Next: 97%
Magic:  6/6        EV: 12    Int: 11    God:
Gold:   52         SH:  0    Dex:  9    Spells: 6/7 levels left

rFire    + . .     SeeInvis .   a - +2 dagger (venom)
rCold    + . .     Faith    .   (no shield)
rNeg     + + +     Spirit   .   b - +0 robe
rPois    ∞         Reflect  .   (no helmet)
rElec    .         Harm     .   (no cloak)
rCorr    .         Rampage  .   (no gloves)
Will     .....                  (no boots)
Stlth    ++........             (no amulet)
HPRegen  0.08/turn              l - ring of protection from fire
MPRegen  0.10/turn              (no ring)

@: no status effects
A: claws 1, cold resistance 1, negative energy resistance 3, inhibited
regeneration, torment resistance 2
a: no special abilities


You were on level 3 of the Dungeon.
You visited 1 branch of the dungeon, and saw 3 of its levels.

You collected 52 gold pieces.

Inventory:

Hand Weapons
 a - a +2 dagger of venom (weapon)
 h - a +0 scimitar
 j - a +0 hunting sling
Missiles
 c - 88 stones
 d - 20 poisoned darts (quivered)
Armour
 b - a +0 robe (worn)
Jewellery
 l - a ring of protection from fire (left claw)
Scrolls
 e - a scroll of magic mapping {unknown}
 g - a scroll of teleportation
 k - a scroll of summoning {unknown}
 n - a scroll of amnesia {unknown}
 o - a scroll of blinking {unknown}
Potions
 f - a potion of brilliance {unknown}
 i - a potion of lignification {unknown}
 m - a potion of haste {unknown}


   Skills:
 - Level 1.7 Dodging
 - Level 2.1 Stealth
 + Level 2.7 Spellcasting
 - Level 0.8 Transmutations
 + Level 4.3 Earth Magic


You had 6 spell levels left.
You knew the following spells:

 Your Spells              Type           Power      Damage    Failure   Level
a - Sandblast             Erth           22%        2d7       4%          1

Your spell library contained the following spells:

 Spells                   Type           Power      Damage    Failure   Level
 Passwall                 Tmut/Erth      5%         N/A       14%         2
 Animate Skeleton         Necr           2%         N/A       26%         1
 Apportation              Tloc           2%         N/A       26%         1
 Corona                   Hex            1%         N/A       26%         1
 Summon Small Mammal      Summ           4%         N/A       26%         1
 Stone Arrow              Conj/Erth      12%        3d7       32%         3
 Petrify                  Tmut/Erth      7%         N/A       67%         4


Dungeon Overview and Level Annotations

Branches:
Dungeon (3/15)

Altars:

Annotations:
D:3 3 runed translucent doors, Terra's ghost, amateur PaAK


Innate Abilities, Weirdness & Mutations

You thrive by killing the living.
You are immune to poison.
You have sharp fingernails.
Your flesh is cold resistant. (rC+)
You are immune to negative energy. (rN+++)
You do not regenerate when monsters are visible.
You are immune to unholy pain and torment.


Message History

You kill the jackal!
Press: ? - help, v - describe, . - travel
Here: an adder The floor.
Throw: 22 darts (poison)
Press: ? - help, Q - select action, (/) - cycle Shift-Dir - straight line, f - adder
Aim: an adder (29% to hit)
You throw a poisoned dart.
The poisoned dart closely misses the adder.
You see here a jackal corpse.
Throw: 21 darts (poison)
Press: ? - help, Q - select action, (/) - cycle Shift-Dir - straight line, f/p - adder
Aim: an adder (29% to hit)
You throw a poisoned dart.
The poisoned dart barely misses the adder.
The adder bites you.
You hit the adder.
The adder is poisoned.
The adder is lightly wounded.
The adder closely misses you.
You hit the adder.
The adder looks as sick as possible!
The adder is moderately wounded.
The adder bites you.
You hit the adder.
The adder looks as sick as possible!
The adder is almost dead.
The adder bites you. The adder barely misses you.
Casting: Sandblast (safe; 4% risk of failure)
Confirm with . or Enter, or press ? or * to list all spells.
Aiming: Sandblast (safe; 4% risk of failure)
Press: ? - help, Shift-Dir - straight line, f/p - adder
Aim: an adder (almost dead, extremely poisoned, 66% to hit)
The blast of sand misses the adder.
c - 88 stones You kill the adder!
You feel better.
You start resting.
Magic restored.
You start resting.
HP restored.
Okay, then.
Are you sure you want to abandon this character and quit the game? (Confirm with "yes".)

......!....>.....
......(.......# #...
......†.......# #####....
....(.........# #......#
.......(......# #.##..#
..............# #.##.####
..............###.......#
#.....#.......##........#
!..#####(.....†@........#
##. ##.....##.##.....# #.
###......#..####.... #.
#.....##.## .. #.###.
##.....#..###.. ..##.
.........#....# #.##.
......#..#.#### #.##.
..#....##.....######.##.
#...#.....##........##<


There were no monsters in sight!

Vanquished Creatures
  2 adders (D:3)
  A dart slug (D:1)
  3 ball pythons
  2 bats (D:2)
  4 endoplasms
  7 goblins
  3 hobgoblins (D:2)
  3 jackals (D:3)
  A quokka (D:2)
  5 frilled lizards
  2 rats (D:1)
33 creatures vanquished.

Notes
Turn   | Place    | Note
-------+----------+-------------------------------------------
     0 | D:1      | Meow the Ghoul Earth Elementalist began the quest for the
                  | Orb.
     0 | D:1      | Reached XP level 1. HP: 14/14 MP: 2/2
   308 | D:1      | Found a faded altar of an unknown god.
   471 | D:1      | Reached XP level 2. HP: 20/20 MP: 4/4
  1230 | D:2      | Reached XP level 3. HP: 23/26 MP: 5/5
  1245 | D:2      | Reached skill level 4 in Earth Magic
  2057 | D:3      | Found a runed translucent gate.
  2057 | D:3      | Found a runed translucent gate.
  2057 | D:3      | Found a runed translucent gate.
  2057 | D:3      | Noticed Terra's ghost (amateur PaAK)
  2219 | D:3      | Quit the game

Illustrated notes

Levels and vault maps discovered:
D:1:      matt_arrival_debris, layout_basic, ebering_ecumenical_altar_hall
D:2:      layout_basic, minmay_pentomino_o2
D:3:      layout_rooms, mainiacjoe_overflow_brackets, ebering_ghost_rock_garden,
          serial_shops, nicolae_shop_crystal, lemuel_flame_loot_1

Skill      XL: |  1  2  3 |
---------------+----------+-----
Spellcasting   | 2 |  2.7
Earth Magic    | 4 |  4.3
Dodging        | |  1.7
Stealth        | |  2.1
Transmutations | |  0.8

Action                   || total
-------------------------++-------
Melee: Unarmed           ||    75
       Dagger            ||    20
Throw: Dart              ||    19
 Cast: Sandblast         ||    12
  Use: Scroll            ||     1
 Stab: Sleeping          ||     4
Armor: Robe              ||    18
Dodge: Dodged            ||    64

Table legend: (Time is in decaauts)
 A = Elapsed time spent in this place.
 B = Non-inter-level travel time spent in this place.
 C = Inter-level travel time spent in this place.
 D = Time resting spent in this place.
 E = Time spent auto-exploring this place.
 F = Levels seen in this place.
 G = Mean time per level.
                   A        B        C        D        E       F      G
               +--------+--------+--------+--------+--------+-----+--------+
         Total |   2217 |   2174 |     43 |    535 |   1290 |   3 |  739.0 |
       Dungeon |   2217 |   2174 |     43 |    535 |   1290 |   3 |  739.0 |
               +--------+--------+--------+--------+--------+-----+--------+

Top non-repeatable levels by time:
     D:2: 1033 daAuts
     D:1: 747 daAuts
     D:3: 436 daAuts
